 Dungeon Crawl Stone Soup version 0.31.0-9-g3a7656b989 (webtiles) character file.

Game seed: 14899093383068971986

1270004 EnegeticOcto the Scratcher (level 22, 96/96 HPs)
             Began as a Felid Conjurer on Jan 30, 2024.
             Was the Champion of Ru.
             Escaped with the Orb
             ... and 3 runes on Jan 31, 2024!
             The game lasted 02:42:53 (94805 turns).

EnegeticOcto the Scratcher (Felid Conjurer)        Turns: 94805, Time: 02:42:53

Health: 96/96      AC:  5    Str:  5    XL:     22   Next: 25%
Magic:  34/34      EV: 24    Int: 35    God:    Ru [******]
Gold:   1994       SH:  0    Dex: 24    Spells: 7/36 levels left
                                        Lives:  0   Deaths: 7

rFire   + .          .
                       - Unarmed
rCold   + + .        (shield unavailable)
rNeg    . . .        (body armour unavailable)
rPois   .            (helmet unavailable)
rElec   .            (cloak unavailable)
rCorr   .            (gloves unavailable)
SInv    +            (boots unavailable)
Will    +++..        W - amulet of guardian spirit Stlth
                     Z - ring of Suspicion {^Drain rF+ Int+6 Dex-3, =R}
HPRegen 0.36/turn    S - ring "Baukehey" {rC+ Str+3 Dex+5}
MPRegen 0.24/turn

%: clarity, guardian spirit
@: hasted, studying 2 skills, very quick
A: very small, claws 1, fangs 3, see invisible, screaming 1, shaggy fur 3,
inability to drink after injury 2, inability to read after injury 2, no stealth,
cowardly, unskilled 1, stealthy paws, no weapons or thrown items, no armour,
multi-lived, no forms, iridescent scales 1, agile 1, clarity, deterioration 1,
frail 1
0: Orb of Zot
}: 3/15 runes: barnacled, slimy, gossamer
a: Renounce Religion, Draw Out Power, Power Leap, Apocalypse


You escaped.
You worshipped Ru.
Ru was exalted by your worship.
You visited 10 branches of the dungeon, and saw 48 of its levels.
You visited 1 bazaar.
You also visited: Trove.

You collected 5258 gold pieces.
You spent 3264 gold pieces at shops.

Inventory:

Jewellery
 p - a ring of resist corrosion
   (You found it on level 8 of the Dungeon)
 q - a +6 ring of intelligence
   (You found it on level 4 of the Dungeon)
 r - an amulet of regeneration
   (You bought it in a shop in a bazaar)
 F - the amulet "Liviuh" {RegenMP *Corrode rElec rC- Regen+}
   (You acquired it on level 3 of the Elven Halls)

   [amulet of magic regeneration]

   RegenMP:   It increases your rate of magic regeneration.
   rC-:       It makes you vulnerable to cold.
   rElec:     It insulates you from electricity.
   Regen+:    It increases your rate of health regeneration.
   *Corrode:  It may corrode you when you take damage.
 K - a ring of flight
   (You found it on level 12 of the Dungeon)
 S - the ring "Baukehey" (right paw) {rC+ Str+3 Dex+5}
   (You acquired it on level 14 of the Dungeon)

   [ring of protection from cold]

   Str+3:     It affects your strength (+3).
   Dex+5:     It affects your dexterity (+5).
   rC+:       It protects you from cold.
 T - an amulet of reflection
   (You found it on level 5 of the Dungeon)
 U - a ring of protection from fire
   (You found it on level 14 of the Dungeon)
 V - a ring of willpower
   (You found it on level 1 of the Spider Nest)
 W - an amulet of guardian spirit (around neck)
   (You found it on level 1 of the Spider Nest)
 Z - the ring of Suspicion (left paw) {^Drain rF+ Int+6 Dex-3, =R}
   (You found it on level 3 of the Elven Halls)

   [ring of protection from fire]

   Int+6:     It affects your intelligence (+6).
   Dex-3:     It affects your dexterity (-3).
   rF+:       It protects you from fire.
   ^Drain:    It drains your maximum health when unequipped.
Talismans
 j - a talisman of death
   (You found it on level 3 of the Elven Halls)
 v - a granite talisman
   (You found it on level 7 of the Dungeon)
Wands
 m - a wand of mindburst (30)
   (You found it on level 3 of the Dungeon)
 y - a wand of iceblast (7) {@v2}
   (You took it off Jeremiah on level 9 of the Dungeon)
 E - a wand of polymorph (25)
   (You found it on level 3 of the Lair of Beasts)
 L - a wand of flame (37) {@v4}
   (You found it on level 12 of the Dungeon)
 N - a wand of quicksilver (12) {@v1}
   (You found it in a treasure trove)
 O - a wand of digging (3) {@v3}
   (You found it in a treasure trove)
Scrolls
 c - 7 scrolls of poison {!r}
 f - 4 scrolls of revelation {@r5 !r}
 g - 5 scrolls of fear {!r}
 h - 5 scrolls of amnesia
 i - 8 scrolls of vulnerability
 o - a scroll of blinking {@r4}
 t - 13 scrolls of teleportation {@r3 !r}
 u - 4 scrolls of fog {!r}
 w - a scroll of silence {!r}
 C - a scroll of immolation
Potions
 a - 4 potions of magic
 b - 4 potions of ambrosia
 d - 10 potions of curing {@q1 !q}
 e - 8 potions of lignification {@q6}
 k - 6 potions of invisibility
 l - 4 potions of heal wounds {@q2 !q}
 n - 7 potions of enlightenment
 s - a potion of haste {@q4 !q}
 x - 7 potions of might {@q3 !q}
 B - 5 potions of attraction
 I - a potion of cancellation
 X - a potion of berserk rage
 Y - a potion of brilliance
Miscellaneous
 J - a phial of floods
   (You bought it in a shop on level 2 of the Orcish Mines)
 M - a sack of spiders (inert)
   (You found it on level 12 of the Dungeon)
 P - a lightning rod (4/4)
   (You found it in a treasure trove)
 Q - a phantom mirror (inert)
   (You found it in a treasure trove)
 R - a condenser vane
   (You found it in a treasure trove)


   Skills:
 - Level 7.8 Fighting
 - Level 7.8 Dodging
 - Level 7.9 Unarmed Combat
 - Level 7.8 Spellcasting
 - Level 7.8 Conjurations
 - Level 3.3 Hexes
 - Level 7.8 Summonings
 - Level 3.2 Necromancy
 - Level 7.8 Translocations
 - Level 7.4 Fire Magic
 - Level 7.8 Ice Magic
 + Level 2.1 Air Magic
 - Level 7.4 Earth Magic
 - Level 7.8 Alchemy
 - Level 7.8 Evocations
   Level 0.0 Shapeshifting


You had 7 spell levels left.
You knew the following spells:

 Your Spells              Type           Power      Damage    Failure   Level
b - Ignite Poison         Fire/Alch      61%        N/A       1%          4
c - Olgreb's Toxic Radia  Alch           62%        N/A       1%          4
d - Summon Lightning Spi  Summ/Air       48%        N/A       4%          4
e - Ensorcelled Hibernat  Hex/Ice        100%       N/A       1%          2
f - Teleport Other        Tloc           62%        N/A       1%          3
g - Sculpt Simulacrum     Ice/Alch       31%        N/A       19%         6
z - Irradiate             Conj/Alch      31%        3d22      3%          5
A - Apportation           Tloc           100%       N/A       1%          1

Your spell library contained the following spells:

 Spells                   Type           Power      Damage    Failure   Level
 Freeze                   Ice            100%       1d10      1%          1
 Kiss of Death            Conj/Necr      100%       2d13      1%          1
 Magic Dart               Conj           100%       1d8       1%          1
 Necrotise                Necr           100%       1d9       1%          1
 Slow                     Hex            100%       N/A       1%          1
 Sting                    Conj/Alch      100%       1d9       1%          1
 Summon Small Mammal      Summ           100%       N/A       1%          1
 Cigotuvi's Dreadful Rot  Necr/Alch/Air  88%        N/A       1%          2
 Jinxbite                 Hex            74%        N/A       1%          2
 Mercury Vapours          Alch/Air       96%        N/A       1%          2
 Scorch                   Fire           100%       2d9       1%          2
 Searing Ray              Conj           100%       2d8       1%          2
 Call Canine Familiar     Summ           62%        N/A       1%          3
 Frozen Ramparts          Ice            100%       1d16      1%          3
 Gell's Gravitas          Tloc           62%        N/A       1%          3
 Inner Flame              Hex/Fire       51%        N/A       1%          3
 Ozocubu's Armour         Ice            62%        N/A       1%          3
 Summon Ice Beast         Ice/Summ       62%        N/A       1%          3
 Volatile Blastmotes      Fire/Tloc      100%       2d18      1%          3
 Flame Wave               Conj/Fire      61%        2d14      1%          4
 Fulminant Prism          Conj/Alch      31%        3d15      1%          4
 Iskenderun's Mystic Bla  Conj/Tloc      62%        2d13      1%          4
 Leda's Liquefaction      Alch/Erth      30%        N/A       1%          4
 Manifold Assault         Tloc           62%        N/A       1%          4
 Petrify                  Alch/Erth      61%        N/A       1%          4
 Sticky Flame             Fire/Alch      61%        2d10      1%          4
 Summon Blazeheart Golem  Fire/Summ      61%        N/A       1%          4
 Confusing Touch          Hex            37%        N/A       2%          3
 Fugue of the Fallen      Necr           36%        N/A       2%          3
 Sigil of Binding         Hex            37%        N/A       2%          3
 Vampiric Draining        Necr           36%        2d8       2%          3
 Martyr's Knell           Necr/Summ      51%        N/A       3%          4
 Alistair's Intoxication  Alch           41%        N/A       3%          5
 Summon Forest            Summ/Tloc      31%        N/A       3%          5
 Lee's Rapid Deconstruct  Erth           30%        3d16*     4%          5
 Anguish                  Hex/Necr       18%        N/A       8%          4
 Cause Fear               Hex            18%        N/A       8%          4
 Freezing Cloud           Conj/Ice/Air   26%        6-21      8%          5
 Metabolic Englaciation   Hex/Ice        25%        N/A       9%          5
 Dispersal                Tloc           31%        N/A       19%         6
 Eringya's Noxious Bog    Alch           31%        4d6       19%         6
 Summon Cactus Giant      Summ           31%        N/A       19%         6
 Starburst                Conj/Fire      30%        6d9       21%         6
 Curse of Agony           Necr           36%        N/A       22%         5
 Conjure Ball Lightning   Conj/Air       24%        3x3d7     54%         6
 Plasma Beam              Fire/Air       23%        2x1d35    54%         6
 Orb of Destruction       Conj           31%        9d10      71%         7
 Ozocubu's Refrigeration  Ice            31%        4d14      71%         7
 Spellforged Servitor     Conj/Summ      31%        N/A       71%         7
 Summon Hydra             Summ           31%        N/A       71%         7
 Haunt                    Necr/Summ      25%        N/A       95%         7
 Enfeeble                 Hex            18%        N/A       100%        7
 Discord                  Hex            18%        N/A       100%        8
 Disjunction              Tloc           31%        N/A       100%        8
 Ignition                 Fire           30%        3d10      100%        8
 Infestation              Necr           18%        N/A       100%        8
 Polar Vortex             Ice            31%        12d4*     100%        9
 Animate Armour           Summ/Erth      Unusable   N/A       N/A         4
 Dimensional Bullseye     Hex/Tloc       Unusable   N/A       N/A         4

Dungeon Overview and Level Annotations

Branches:
Dungeon (15/15)            Temple (1/1) D:5            Lair (5/5) D:11
 Shoals (4/4) Lair:3       Spider (4/4) Lair:3        Slime (5/5) Lair:4
    Orc (2/2) D:9             Elf (3/3) Orc:2        Vaults (0/5) D:13
 Depths (4/4) D:15            Zot (5/5) Depths:4

Altars:
Ashenzari
Cheibriados
Dithmenos
Elyvilon
Fedhas
Gozag
Hepliaklqana
Kikubaaqudgha
Makhleb
Nemelex Xobeh
Okawaru
Qazlal
Ru
Sif Muna
Trog
Uskayaw
Vehumet
Wu Jian
Xom
Yredelemnul
Zin
The Shining One
Lugonu

Shops:
D:2 (?*   D:6 *   D:9 [   Orc:2 =*([   Shoals:2 (   Depths:3 *

Portals:
Hell: Depths:1 Depths:2 Depths:3 Depths:4
Abyss: Depths:1 Depths:3
Pandemonium: Depths:1
Ziggurat: Depths:1

Annotations:
Shoals:3 1 runed translucent door, Voland's ghost, adept TeAE
Orc:2 3 runed translucent doors, Kenran's ghost, adept GrBe
Elf:2 5 runed translucent doors, exclusion: 5 doors
Depths:4 1 runed translucent door, exclusion: door


Innate Abilities, Weirdness & Mutations

You have sharp claws.
You have razor-sharp teeth.
You have supernaturally acute eyesight. (SInv)
You occasionally shout uncontrollably at your foes.
Your thick and shaggy fur keeps you warm. (AC +3, rC+)
You sometimes lose the ability to drink potions when taking damage.
You sometimes lose the ability to read scrolls when taking damage.
You cannot be stealthy.
Your cowardice makes you less effective in combat with threatening foes.
You are somewhat unskilled. (-1 Apt)
Your paws help you pounce on unaware monsters.
You are incapable of wielding weapons or throwing items.
You cannot wear armour.
You gain extra lives every three experience levels.
You cannot voluntarily change form.
You are partially covered in iridescent scales. (AC +2)
You are agile. (Dex +4, Str/Int -1)
You possess an exceptional clarity of mind.
Your body sometimes deteriorates upon taking damage.
You are frail. (-10% HP)


Message History

Where to? (Tab/Enter - D:1 @ (x,y), ? - help)
A Brimstone Fiend comes into view.
The Brimstone Fiend moves out of view.
All monsters which could be auto-targeted are covered by a wall or statue which interrupts your line of fire, even though it doesn't interrupt your line of sight.
Aiming: Power Leap
Press: ? - help, Dir - move target Qocy comes into view.
It is armed with a venomous touch.
You yowl at Qocy!
Qocy buzzes, "Give in, thou cockered nose-picking mish-mash!"
You feel a twist of horror at the sight of this foe.
Qocy is stunned by your conviction and fails to attack.
You climb upwards.
There is a stone staircase leading down here.
Press: ? - help, v - describe, . - travel
Here: Qocy, armed with a venomous touch The floor.
Unknown command.
Okay, then.
Okay, then.
Aiming: Phantom Mirror
Press: ? - help, Dir - move target, f - Qocy
Aim: Qocy, armed with a venomous touch You reflect Qocy with the mirror!
The mirror clouds!
Qocy stings Qocy!!
Qocy looks as sick as possible!
Qocy is stunned by your conviction and fails to attack.
Qocy stings Qocy.
Qocy looks as sick as possible!
Okay, then.
Really read
t - 13 scrolls of teleportation {@r3 !r}?
Okay, then.
Unknown command.
Qocy attacks as it pursues you! Qocy stings you!!
You are poisoned.
You feel very sick.
You feel very sick.
You feel very sick.
You feel very sick. Qocy attacks as it pursues you! Qocy stings you!!!
* * * LOW HITPOINT WARNING * * *
Your body deteriorates!
You feel weakened.
You are more poisoned.
You die...
You feel extremely sick. Qocy stings you!
You are more poisoned.
Qocy stings Qocy!!
You rejoin the land of the living...
There is a stone staircase leading up here.
You climb upwards.
There is a stone staircase leading down here.
(D) Dungeon (T) Temple (L) Lair (A) Shoals (N) Spider Nest (M) Slime Pits (O) Orcish Mines (E) Elven Halls (V) Vaults (U) Depths (H) Hell (Z) Zot
Where to? (Tab/Enter - D:1 @ (x,y), ? - help)
You see here a +0 whip.
There is a stone staircase leading up here.
You climb upwards.
There is a stone staircase leading down here.
There is a stone staircase leading up here.
You climb upwards.
There is a stone staircase leading down here.
You see here a +0 dagger.
You see here a +0 mace.
You see here a +0 whip of electrocution.
There is a stone staircase leading up here.
You climb upwards.
There is a stone staircase leading down here.
Things that are here:
a +0 helmet; a +0 animal skin; a +6 mace of venom
Things that are here:
a +0 dagger; a +0 dagger
Things that are here:
a +0 dagger; a +0 sling
There is a stone staircase leading up here.
You climb upwards.
There is a stone staircase leading down here.
An orange demon comes into view.
A seraph comes into view.
It is wielding a +5 great sword of flaming.
You feel a twist of horror at the sight of this foe.
The seraph shouts a warning to its allies!
An angel comes into view. It is wielding a +2 whip of holy wrath.
You yowl at the angel!
You reel with horror at the sight of these foes!
A Brimstone Fiend comes into view.
You reel with horror at the sight of these foes!
The seraph shouts a warning to its allies!
You reel with horror at the sight of these foes!
There is a stone staircase leading up here.
The seraph gestures.
The seraph begins to accept its allies' injuries.
You redirect the Brimstone Fiend's attack!
You climb upwards.
There is a stone staircase leading down here.
Really quaff
s - 2 potions of haste {@q4 !q}?
You feel yourself speed up.
Aiming: Dig
Press: ? - help, Shift-Dir - straight line A rock wall.
This square is covered in magical glow.
The rock shatters into small pieces.
There is a staircase leading out of the dungeon here.
You have escaped!

#..........###.#.###........####
##.##......#.##.#.##.#..####.....
#....###..###.#...#.#############
#....#...## #.#####.#............
....[..### #..###.(#.###########
#.....## ##..#..##.........#
#.....# #..#..##########.#
#.....# ##...####### #.# #....##
##.@.#.....# #.# ####..#####
##....###.#.# #.###
##.#...###...#..##.#.# #...#
#####.#...##.#..#..##.#.#######.#
#.........#.#..###..#...........#
#..........##.## ##.##.#.....####
..........###.# #.##.#.###.#
#.........##.## ##.#...# #.#
#.........#.#########.######.#


There were no monsters in sight!

Vanquished Creatures
  the Royal Jelly (Slime:5)
  2 dread liches (Zot:5)
  2 orbs of fire (Zot:5)
  An ancient lich (Zot:5)
  3 Killer Klowns
  Bai Suzhen (Shoals:4)
  3 curse toes (Zot:5)
  A caustic shrike (Depths:3)
  A golden dragon (Depths:1)
  Nikola (Shoals:4)
  A bone dragon (Depths:4)
  3 electric golems
  4 tentacled monstrosities
  3 liches
  2 deep elf blademasters (Elf:2)
  2 quicksilver dragons
  A deep elf master archer (Elf:3)
  7 Orb Guardians (Zot:5)
  12 acid blobs
  3 storm dragons
  3 death cobs
  An Executioner (Depths:1)
  4 shadow dragons
  A nagaraja (Depths:3)
  2 tengu reavers (Depths:3)
  Ilsuiw (Shoals:3)
  A draconian monk (Depths:4)
  4 azure jellies
  10 rockslimes
  2 deep elf sorcerers (Elf:3)
  4 draconian shifters (Zot:5)
  5 frost giants
  An emperor scorpion (Spider:4)
  2 draconian knights (Zot:5)
  A fire giant (Depths:2)
  2 draconian scorchers
  A balrug (Depths:1)
  3 deep elf elementalists (Elf:3)
  3 ghost moths
  An iron dragon (Depths:3)
  2 draconian stormcallers
  3 draconian annihilators
  A ghoul (Zot:1)
  7 broodmothers (Spider:4)
  An orc warlord (Orc:2)
  5 formless jellyfish
  7 quicksilver oozes (Slime:5)
  6 stone giants (Depths:1)
  15 very ugly things
  4 deep elf death magi
  4 black draconians
  4 yellow draconians
  4 vampire knights
  3 deep elf demonologists (Elf:3)
  5 green draconians
  7 red draconians
  11 spark wasps
  8 deep elf annihilators
  6 purple draconians
  3 white draconians
  8 ettins
  A blizzard demon (Depths:1)
  A deep elf high priest (Elf:3)
  7 merfolk javelineers
  Snorg (D:12)
  12 merfolk impalers
  4 fire dragons
  3 entropy weavers
  7 ice dragons
  Harold (Lair:1)
  2 vault guards (D:13)
  A hell beast (D:8)
  A spriggan air mage (Depths:3)
  2 merfolk avatars
  3 great orbs of eyes
  4 hydras
  A rakshasa (D:15)
  5 boulder beetles
  2 catoblepae
  3 ogre magi
  2 alligator snapping turtles
  6 dancing weapons
  Erica (Lair:1)
  A jorogumo (Spider:4)
  8 centaur warriors
  2 radroaches
  2 deep troll shamans
  5 tengu warriors
  8 merfolk aquamancers
  3 demonic crawlers (Spider:1)
  3 deep troll earth magi
  14 two-headed ogres
  2 spriggans (Depths:3)
  11 death yaks
  An orc high priest (Orc:2)
  3 occultists (Depths:4)
  A soul eater (Zot:3)
  Sonja (Lair:3)
  4 sun demons
  A spriggan berserker (Depths:3)
  2 vampire magi (Depths:1)
  10 deep elf knights
  5 hell knights (Depths:4)
  Amaemon (Lair:1)
  A salamander mystic (Depths:3)
  2 iron trolls
  3 skysharks
  5 pharaoh ants
  4 large abominations (Zot:1)
  19 sea snakes
  5 glowing orange brains
  A glowing orange brain (shapeshifter) (Depths:1)
  2 flayed ghosts
  8 deep trolls
  7 orb spiders
  A necromancer (D:15)
  An orange crystal statue (Elf:3)
  2 lindwurms (Lair:5)
  11 deep elf archers
  4 steelbarb worms
  4 phantasmal warriors (Depths:1)
  15 deep elf zephyrmancers
  12 harpies
  15 wolf spiders
  7 orc knights
  2 sun moths (Spider:4)
  8 shining eyes
  8 orc sorcerers
  An oklob plant (Lair:1)
  26 deep elf pyromancers
  13 fauns
  10 cyclopes
  3 salamanders (Depths:3)
  28 ugly things
  6 moths of wrath
  A manticore (shapeshifter) (D:14)
  13 manticores
  11 merfolk sirens
  A moth of wrath (shapeshifter) (Elf:3)
  11 elephants
  A meliai (shapeshifter) (Elf:3)
  15 water nymphs
  3 kobold blastminers (Orc:2)
  8 meliai
  2 smoke demons (Depths:1)
  An orange demon (Lair:1)
  3 black mambas
  6 cane toads
  4 centaur skeletons (D:15)
  Jeremiah (D:9)
  4 torpor snails
  3 rime drakes
  A kobold demonologist (D:13)
  2 unseen horrors
  A rime drake (shapeshifter) (Elf:3)
  An efreet (D:13)
  A freezing wraith (D:14)
  5 komodo dragons
  6 tengu conjurers
  Psyche (D:9)
  An ice devil (Depths:1)
  4 polar bears
  A merfolk (shapeshifter) (Depths:3)
  11 trolls
  A moth of wrath zombie (Zot:3)
  8 wind drakes
  2 hornets (Depths:3)
  A hellwing (Depths:1)
  Prince Ribbit (Lair:2)
  17 blink frogs
  37 tarantellas
  39 merfolk
  A glass eye (Slime:3)
  4 snapping turtles
  18 dream sheep
  A snapping turtle (shapeshifter) (Elf:3)
  29 slime creatures
  6 air elementals
  22 culicivoras
  4 shadows
  11 jumping spiders
  33 yaks
  A vampire (D:9)
  20 water elementals
  7 wyverns
  2 wraiths
  6 humans (D:13)
  A hog (shapeshifter) (D:15)
  6 vampire mosquitoes
  A warg (D:9)
  A golden eye (Slime:5)
  37 redbacks
  3 basilisks
  A steam dragon (D:8)
  2 acid dragons
  11 water moccasins
  Duvessa (D:5)
  28 orc warriors
  2 sky beasts
  2 ice beasts
  16 ogres
  6 laughing skulls
  A tengu (shapeshifter) (Elf:1)
  13 wolves
  7 centaurs
  5 kobold brigands
  2 phantoms
  A brain worm (shapeshifter) (Elf:3)
  5 bullfrogs
  2 earth elementals
  2 scorpions (D:5)
  8 wights
  Dowan (D:5)
  5 killer bees
  8 howler monkeys
  An electric eel (Lair:3)
  2 bombardier beetles
  6 jellies
  3 hounds (D:6)
  A gnoll bouda (D:6)
  21 orc priests
  A sleepcap (D:5)
  22 orc wizards
  2 iguanas
  Robin (D:3)
  8 adders
  14 gnolls
  2 shadow imps
  2 white imps
  4 dart slugs
  2 ribbon worms
  72 orcs
  7 endoplasms
  3 giant cockroaches
  16 goblins
  13 hobgoblins
  4 quokkas
  8 ball pythons
  4 bats
  3 frilled lizards
  19 kobolds
  6 rats
1431 creatures vanquished.

Vanquished Creatures (collateral kills)
  A juggernaut (Depths:3)
  A golden dragon (Depths:4)
  3 tentacled monstrosities
  Rupert (Spider:1)
  2 Orb Guardians (Zot:5)
  2 acid blobs (Slime:5)
  A storm dragon (Zot:2)
  A draconian monk (Zot:1)
  A broodmother (Spider:4)
  A quicksilver ooze (Slime:5)
  3 green draconians (Zot:1)
  A yellow draconian (Depths:4)
  An entropy weaver (Spider:4)
  A green death (Zot:1)
  An orc high priest (Elf:1)
  2 orb spiders (Spider:4)
  3 deep elf zephyrmancers (Elf:1)
  2 moths of wrath
  2 shining eyes (Slime:5)
  2 deep elf pyromancers (Elf:1)
32 creatures vanquished.

Vanquished Creatures (others)
  A walking crystal tome (Depths:3)
  An acid blob (Slime:4)
  A deep elf master archer (Elf:3)
  A rockslime (Slime:2)
  A fire giant (Depths:3)
  A stone giant (Depths:2)
  2 deep elf demonologists (Elf:3)
  2 black draconians (Zot:5)
  A spark wasp (Depths:2)
  A yellow draconian (Zot:4)
  A purple draconian (Zot:5)
  2 ettins
  A merfolk javelineer (Shoals:4)
  A vault guard (D:13)
  A hydra (D:13)
  A demonic crawler (Spider:3)
  An occultist (D:13)
  A bog body (Zot:1)
  2 wolf spiders
  3 deep elf zephyrmancers
  A harpy (Shoals:2)
  2 deep elf pyromancers
  An ugly thing (Depths:1)
  3 manticores
  An elephant (Lair:5)
  A torpor snail (Spider:1)
  2 slime creatures
  2 water elementals
  An air elemental (Shoals:4)
  3 humans (D:13)
  A chaos spawn (Zot:3)
  An orc warrior (Orc:2)
  A centaur (D:15)
46 creatures vanquished.

Grand Total: 1509 creatures vanquished

Notes
Turn   | Place    | Note
-------+----------+-------------------------------------------
     0 | D:1      | EnegeticOcto the Felid Conjurer began the quest for the
                  | Orb.
     0 | D:1      | Reached XP level 1. HP: 9/9 MP: 4/4
   122 | D:1      | Reached skill level 3 in Stealth
   348 | D:1      | Reached XP level 2. HP: 13/13 MP: 4/6
   673 | D:1      | Reached skill level 4 in Conjurations
  1042 | D:1      | Reached skill level 4 in Stealth
  1123 | D:1      | Reached XP level 3. HP: 16/16 MP: 5/7
  1328 | D:2      | Found a faded altar of an unknown god.
  1406 | D:2      | Found Bozoc's General Store.
  1432 | D:2      | Bought a scroll of identify for 24 gold pieces
  1578 | D:2      | Found a snail-covered altar of Cheibriados.
  1702 | D:2      | Found Naiqieny's Magic Scroll Boutique.
  1707 | D:2      | Bought a scroll of identify for 20 gold pieces
  1772 | D:2      | Found Mebraxegri's Antique Weapon Shoppe.
  1864 | D:2      | Learned a level 2 spell: Searing Ray
  2250 | D:3      | Noticed Robin
  2256 | D:3      | Reached XP level 4. HP: 21/21 MP: 2/8
  2256 | D:3      | Gained a life (2 lives remaining)
  2404 | D:3      | Reached skill level 5 in Stealth
  2598 | D:3      | Killed Robin
  2599 | D:3      | Reached skill level 5 in Conjurations
  2631 | D:3      | Reached XP level 5. HP: 23/24 MP: 0/9
  3304 | D:3      | Found a blossoming altar of Fedhas.
  3683 | D:4      | Noticed a phantom
  3713 | D:4      | Killed a phantom
  3714 | D:4      | Reached skill level 6 in Conjurations
  3714 | D:4      | Gained mutation: You are covered in thick fur. (AC +2)
                  | [Felid growth]
  3714 | D:4      | Reached XP level 6. HP: 19/28 MP: 2/10
  4484 | D:5      | Entered Level 5 of the Dungeon
  4658 | D:5      | Found a staircase to the Ecumenical Temple.
  4668 | Temple   | Entered the Ecumenical Temple
  4686 | D:5      | Got the Notes on the Summer
  4840 | D:5      | Reached skill level 3 in Dodging
  5055 | D:5      | Reached skill level 1 in Fighting
  5057 | D:5      | Reached skill level 1 in Alchemy
  5198 | D:5      | Noticed Duvessa
  5309 | D:5      | Reached XP level 7. HP: 33/33 MP: 5/11
  5627 | D:4      | Learned a level 4 spell: Olgreb's Toxic Radiance
  5957 | D:5      | Reached skill level 2 in Fighting
  5957 | D:5      | Reached skill level 4 in Dodging
  6171 | D:5      | Killed Duvessa
  6172 | D:5      | Reached skill level 3 in Spellcasting
  6172 | D:5      | Reached skill level 2 in Alchemy
  6203 | D:5      | Noticed Dowan
  6213 | D:5      | Killed Dowan
  6600 | D:5      | Reached XP level 8. HP: 39/39 MP: 8/14
  7055 | D:5      | Found a staircase to the Ecumenical Temple.
  7107 | D:5      | Reached skill level 3 in Fighting
  7107 | D:5      | Reached skill level 5 in Dodging
  7909 | D:5      | Reached skill level 7 in Conjurations
  7973 | D:5      | Reached skill level 3 in Alchemy
  8079 | D:6      | Reached skill level 4 in Spellcasting
  8249 | D:6      | Found Jisiq's CLEARANCE SALE!.
  8259 | D:6      | Bought a potion of haste for 20 gold pieces
  8259 | D:6      | Bought a scroll of teleportation for 6 gold pieces
  8379 | D:2      | Bought a scroll of blinking for 75 gold pieces
  8379 | D:2      | Bought a scroll of fog for 40 gold pieces
  8379 | D:2      | Bought a scroll of teleportation for 30 gold pieces
  8379 | D:2      | Bought a scroll of teleportation for 30 gold pieces
  8906 | D:6      | Reached skill level 6 in Dodging
  8974 | D:6      | Found a sacrificial altar of Ru.
  8984 | D:6      | Became a worshipper of Ru the Awakened
  9032 | D:6      | Noticed a troll
  9033 | D:6      | Reached skill level 4 in Fighting
  9045 | D:6      | Killed a troll
  9046 | D:6      | Reached XP level 9. HP: 45/45 MP: 0/16
  9474 | D:6      | Learned a level 5 spell: Irradiate
  9603 | D:7      | Reached skill level 4 in Alchemy
 10417 | D:7      | Gained mutation: You occasionally lose the ability to read
                  | scrolls when taking damage. [Ru sacrifice]
 10417 | D:7      | Gained mutation: You sometimes lose the ability to read
                  | scrolls when taking damage. [Ru sacrifice]
 10417 | D:7      | Reached * piety under Ru
 10525 | D:7      | Found a shimmering altar of Xom.
 10571 | D:8      | Reached skill level 7 in Dodging
 10579 | D:8      | Reached skill level 5 in Spellcasting
 10769 | D:8      | Reached skill level 5 in Fighting
 10976 | D:8      | Reached skill level 5 in Alchemy
 11179 | D:8      | Noticed a +0 falchion
 11181 | D:8      | Noticed a +0 spear
 11181 | D:8      | Noticed a +0 short sword
 11183 | D:8      | Noticed a +0 short sword
 11183 | D:8      | Noticed a +0 dagger
 11184 | D:8      | Noticed a +0 spear
 11184 | D:8      | Noticed a +0 falchion
 11186 | D:8      | Noticed a +0 dagger
 11190 | D:8      | Found a hide-covered altar of Uskayaw.
 11419 | D:8      | Reached skill level 6 in Fighting
 11419 | D:8      | Reached XP level 10. HP: 33/53 MP: 9/19
 11634 | D:8      | Reached skill level 6 in Spellcasting
 12117 | D:8      | Found a radiant altar of Vehumet.
 12117 | D:8      | Found a hazy altar of Hepliaklqana.
 12481 | D:9      | Noticed Jeremiah
 12495 | D:9      | Killed Jeremiah
 12699 | D:9      | HP: 1/53 [wyvern (18)]
 12701 | D:9      | Reached skill level 6 in Alchemy
 13230 | D:9      | Reached skill level 7 in Fighting
 13327 | D:9      | Noticed Psyche
 13338 | D:9      | Killed Psyche
 13633 | D:9      | Found Gyshamit's Armour Emporium.
 13634 | D:9      | Found a staircase to the Orcish Mines.
 13650 | D:9      | Reached skill level 7 in Spellcasting
 14127 | D:9      | Noticed a two-headed ogre
 14145 | D:9      | Killed a two-headed ogre
 14146 | D:9      | Reached skill level 7 in Alchemy
 14383 | D:10     | Entered Level 10 of the Dungeon
 14394 | D:10     | Reached XP level 11. HP: 60/60 MP: 7/23
 14496 | D:10     | Gained mutation: You occasionally shout uncontrollably at
                  | your foes. [Ru sacrifice]
 14526 | D:10     | Got the Parchment of the Crystallized Damned
 14741 | D:10     | Reached skill level 1 in Evocations
 14820 | D:10     | Noticed a two-headed ogre
 14842 | D:10     | Killed a two-headed ogre
 14843 | D:10     | Reached skill level 6 in Stealth
 14843 | D:10     | Reached skill level 2 in Evocations
 15056 | D:10     | Reached skill level 3 in Evocations
 15127 | D:10     | Reached skill level 7 in Stealth
 15950 | D:10     | Noticed a two-headed ogre
 15965 | D:10     | Killed a two-headed ogre
 15966 | D:10     | Reached skill level 4 in Evocations
 16107 | D:11     | Noticed an orc knight
 16109 | D:11     | Noticed an orc sorcerer
 16199 | D:11     | Noticed a boulder beetle
 16214 | D:10     | Killed a boulder beetle
 16215 | D:10     | Reached skill level 5 in Evocations
 16306 | D:10     | Killed an orc knight
 16307 | D:10     | Reached skill level 6 in Evocations
 16404 | D:11     | Killed an orc sorcerer
 16601 | D:11     | Found a staircase to the Lair.
 16654 | D:11     | Reached skill level 7 in Evocations
 17087 | D:11     | Noticed a boulder beetle
 17095 | D:11     | Killed a boulder beetle
 17096 | D:11     | Reached skill level 2 in Unarmed Combat
 17102 | D:11     | Reached skill level 3 in Unarmed Combat
 17103 | D:11     | HP: 2/60 [poison]
 17104 | D:11     | Succumbed to poison
 17104 | D:11     | Lost a life (1 life remaining)
 17165 | D:11     | Reached skill level 4 in Unarmed Combat
 17476 | Lair:1   | Entered Level 1 of the Lair of Beasts
 17476 | Lair:1   | Noticed an oklob plant
 17523 | Lair:1   | Gained mutation: Your thick and shaggy fur keeps you warm.
                  | (AC +3, rC+) [Felid growth]
 17523 | Lair:1   | Reached XP level 12. HP: 64/64 MP: 16/24
 17523 | Lair:1   | Gained a life (2 lives remaining)
 17537 | Lair:1   | Reached skill level 5 in Unarmed Combat
 17649 | Lair:1   | Noticed Erica
 17661 | Lair:1   | Killed Erica
 17768 | Lair:1   | Noticed Harold
 17774 | Lair:1   | Killed Harold
 17775 | Lair:1   | Reached skill level 6 in Unarmed Combat
 17915 | Lair:1   | Noticed a death yak
 17915 | Lair:1   | Noticed a death yak
 17925 | Lair:1   | Killed a death yak
 17925 | Lair:1   | Killed a death yak
 17926 | Lair:1   | Reached skill level 7 in Unarmed Combat
 18259 | Lair:1   | Gained mutation: Your cowardice makes you less effective in
                  | combat with threatening foes. [Ru sacrifice]
 18259 | Lair:1   | Reached ** piety under Ru
 18277 | Lair:1   | Reached skill level 1 in Shapeshifting
 18412 | Lair:1   | Noticed Amaemon
 18423 | Lair:1   | Reached skill level 2 in Shapeshifting
 18465 | Lair:1   | Killed Amaemon
 18466 | Lair:1   | Reached skill level 3 in Shapeshifting
 19114 | Lair:2   | Reached skill level 4 in Shapeshifting
 19357 | Lair:2   | Noticed Prince Ribbit
 19367 | Lair:2   | Reached skill level 5 in Shapeshifting
 19367 | Lair:2   | Killed Prince Ribbit
 19762 | Lair:2   | Reached skill level 6 in Shapeshifting
 20404 | Lair:3   | Reached skill level 7 in Shapeshifting
 20405 | Lair:3   | Found a hole to the Spider Nest.
 20549 | Lair:3   | Noticed Sonja
 20555 | Lair:3   | Killed Sonja
 20556 | Lair:3   | Reached XP level 13. HP: 41/68 MP: 17/25
 20849 | Lair:3   | Found a staircase to the Shoals.
 21575 | Lair:4   | Reached skill level 1 in Summonings
 21585 | Lair:4   | Reached skill level 2 in Summonings
 21586 | Lair:4   | Gained mutation: You occasionally lose the ability to drink
                  | potions when taking damage. [Ru sacrifice]
 21586 | Lair:4   | Gained mutation: You sometimes lose the ability to drink
                  | potions when taking damage. [Ru sacrifice]
 21586 | Lair:4   | Reached *** piety under Ru
 21586 | Lair:4   | Reached **** piety under Ru
 21807 | Lair:4   | Reached skill level 3 in Summonings
 22130 | Lair:4   | Reached skill level 4 in Summonings
 22514 | Lair:4   | Reached skill level 5 in Summonings
 22519 | Lair:4   | Reached skill level 6 in Summonings
 22994 | Lair:4   | Reached skill level 7 in Summonings
 23138 | Lair:4   | Found a staircase to the Slime Pits.
 23440 | Lair:5   | Entered Level 5 of the Lair of Beasts
 23826 | Lair:5   | Reached skill level 1 in Fire Magic
 23826 | Lair:5   | Reached skill level 1 in Earth Magic
 23947 | Lair:5   | Reached skill level 2 in Fire Magic
 23949 | Lair:5   | Reached skill level 2 in Earth Magic
 24355 | Lair:5   | Reached skill level 3 in Fire Magic
 24355 | Lair:5   | Reached skill level 3 in Earth Magic
 25498 | Lair:5   | Reached skill level 4 in Fire Magic
 25498 | Lair:5   | Reached skill level 4 in Earth Magic
 25644 | Lair:5   | Reached XP level 14. HP: 68/72 MP: 4/26
 27253 | Lair:1   | Reached skill level 5 in Fire Magic
 27253 | Lair:1   | Reached skill level 5 in Earth Magic
 27408 | Orc:1    | Entered Level 1 of the Orcish Mines
 28222 | Orc:2    | Entered Level 2 of the Orcish Mines
 28243 | Orc:2    | Noticed Kenran's ghost (adept GrBe)
 28263 | Orc:2    | Found a staircase to the Elven Halls.
 28381 | Orc:2    | Found a runed translucent gate.
 28381 | Orc:2    | Found a runed translucent gate.
 28381 | Orc:2    | Found a runed translucent gate.
 29226 | Orc:2    | Reached skill level 6 in Fire Magic
 29226 | Orc:2    | Reached skill level 6 in Earth Magic
 29384 | Orc:2    | Paralysed by an ogre mage for 4 turns
 29517 | Orc:2    | Noticed an orc warlord
 29543 | Orc:2    | Killed an orc warlord
 30325 | Orc:2    | Reached skill level 7 in Fire Magic
 30325 | Orc:2    | Reached skill level 7 in Earth Magic
 30398 | Orc:2    | Found Salutuoc's Antique Armour Shop.
 30708 | Orc:2    | Found Qiened's Jewellery Shop.
 30781 | Orc:2    | Found Ihibewn's General Store.
 30787 | Orc:2    | Bought a scroll of blinking for 105 gold pieces
 30787 | Orc:2    | Bought a phial of floods for 560 gold pieces
 30795 | Orc:2    | Found Hoxa Hycuf's Antique Weapon Shop.
 30991 | D:12     | Noticed Snorg
 31004 | D:12     | Killed Snorg
 31382 | D:12     | Reached skill level 1 in Ice Magic
 31583 | D:12     | Reached skill level 2 in Ice Magic
 32453 | D:13     | Reached skill level 3 in Ice Magic
 32549 | D:13     | Found a portal to a secret trove of treasure.
 32587 | D:13     | Reached skill level 4 in Ice Magic
 32596 | D:13     | You paid a toll of 3 scrolls of blinking to enter a
                  | treasure trove
 32597 | Trove    | Entered a treasure trove
 32753 | D:13     | Reached skill level 5 in Ice Magic
 32889 | D:13     | Reached skill level 6 in Ice Magic
 33142 | D:13     | Reached skill level 7 in Ice Magic
 33562 | D:13     | Reached XP level 15. HP: 60/77 MP: 4/27
 33728 | D:13     | Reached skill level 1 in Translocations
 33792 | D:13     | Reached skill level 1 in Necromancy
 33792 | D:13     | Reached skill level 2 in Translocations
 33792 | D:13     | Reached skill level 1 in Air Magic
 34227 | D:13     | Reached skill level 2 in Necromancy
 34238 | D:13     | Reached skill level 3 in Translocations
 34417 | D:13     | Reached skill level 2 in Air Magic
 34528 | D:13     | Gained mutation: You are somewhat unskilled. (-1 Apt) [Ru
                  | sacrifice]
 34528 | D:13     | Reduced skill Air Magic to level 1
 34528 | D:13     | Reached ***** piety under Ru
 34533 | D:13     | Paralysed by an ogre mage for 4 turns
 35071 | D:13     | Got the Exposition on the Forceful Jaunt
 35342 | D:13     | Found a broken altar of Ashenzari.
 35613 | D:13     | Identified the +1 plate armour of Filth {Will+ Str+3 Dex+3}
 35776 | D:13     | Found a gate to the Vaults.
 35803 | D:13     | Learned a level 5 spell: Summon Forest
 36415 | D:14     | Identified a scroll of acquirement
 36416 | D:14     | Acquired the ring "Baukehey" {rC+ Str+3 Dex+5}
 37281 | D:15     | Entered Level 15 of the Dungeon
 37890 | D:15     | Found a white marble altar of Elyvilon.
 38394 | D:15     | Gained mutation: You cannot be stealthy. [Ru sacrifice]
 38394 | D:15     | Reduced skill Stealth to level 0
 38688 | D:15     | Reached skill level 4 in Translocations
 39872 | D:15     | Found a staircase to the Depths.
 40230 | Shoals:1 | Entered Level 1 of the Shoals
 40951 | Shoals:1 | Reached skill level 5 in Translocations
 41046 | Shoals:1 | HP: 3/77 [poisoned by a sea snake]
 42326 | Shoals:1 | Reached XP level 16. HP: 32/81 MP: 17/28
 42605 | Shoals:2 | Slain by a merfolk
 42605 | Shoals:2 | Lost a life (1 life remaining)
 42899 | Shoals:1 | Reached skill level 6 in Translocations
 43244 | Shoals:1 | Reached skill level 7 in Translocations
 43940 | Shoals:2 | Reached skill level 1 in Hexes
 44610 | Shoals:2 | Reached skill level 2 in Hexes
 44904 | Shoals:2 | Reached skill level 3 in Necromancy
 45334 | Shoals:2 | Reached skill level 3 in Hexes
 45701 | Shoals:2 | Found Cegol's Antique Weapon Shoppe.
 45862 | Shoals:2 | Reached skill level 8 in Shapeshifting
 47231 | Shoals:3 | Noticed Ilsuiw
 47239 | Shoals:3 | Killed Ilsuiw
 47240 | Shoals:3 | Reached skill level 9 in Shapeshifting
 48093 | Shoals:3 | Found a runed translucent door.
 48094 | Shoals:3 | Found a shimmering altar of Xom.
 48094 | Shoals:3 | Noticed Voland's ghost (adept TeAE)
 48094 | Shoals:3 | Identified the +6 demon trident "Xovvism" {chaos, ^Fragile
                  | rElec rC+ Str+2}
 48094 | Shoals:3 | Found the +1 cloak of Starlight {*Dazzle EV+4 Stlth--}
 48553 | Shoals:4 | Entered Level 4 of the Shoals
 48557 | Shoals:4 | Reached skill level 10 in Shapeshifting
 48973 | Spider:1 | Entered Level 1 of the Spider Nest
 49478 | Spider:1 | Noticed Rupert
 49483 | Spider:1 | Killed Rupert
 50367 | Spider:1 | Reached XP level 17. HP: 62/85 MP: 8/29
 50367 | Spider:1 | Gained a life (2 lives remaining)
 50521 | Spider:1 | Reached skill level 11 in Shapeshifting
 53228 | D:2      | Bought a wand of paralysis (5) for 144 gold pieces
 53228 | D:2      | Bought a scroll of teleportation for 36 gold pieces
 53228 | D:2      | Bought a scroll of teleportation for 36 gold pieces
 53228 | D:2      | Bought a potion of berserk rage for 60 gold pieces
 53228 | D:2      | Bought a scroll of vulnerability for 48 gold pieces
 53454 | Orc:2    | Bought a ring of wizardry for 330 gold pieces
 53463 | Orc:2    | Learned a level 4 spell: Petrify
 55321 | Spider:4 | Entered Level 4 of the Spider Nest
 55426 | Spider:3 | Reached skill level 12 in Shapeshifting
 57650 | Spider:4 | Reached skill level 13 in Shapeshifting
 58202 | Spider:4 | Learned a level 1 spell: Apportation
 58207 | Spider:4 | Learned a level 4 spell: Summon Lightning Spire
 58518 | Spider:4 | Blown up by an orb spider
 58518 | Spider:4 | Lost a life (1 life remaining)
 59591 | Spider:4 | Learned a level 6 spell: Sculpt Simulacrum
 59754 | Spider:4 | Mangled by a broodmother
 59754 | Spider:4 | Lost a life (0 lives remaining)
 60142 | Spider:4 | Got a gossamer rune of Zot
 61539 | Shoals:4 | Reached skill level 14 in Shapeshifting
 61702 | Shoals:4 | Noticed Bai Suzhen
 61715 | Shoals:4 | Killed Bai Suzhen
 61716 | Shoals:4 | Reached XP level 18. HP: 68/90 MP: 6/30
 61716 | Shoals:4 | Gained a life (1 life remaining)
 61914 | Shoals:4 | Paralysed by an air elemental for 1 turns
 62299 | Shoals:4 | Identified the +0 plate armour "Doomepp" {rCorr}
 63139 | Shoals:4 | Noticed Nikola
 63148 | Shoals:4 | Killed Nikola
 63205 | Shoals:4 | Identified the +6 ring mail of the Indestructible God {rF+
                  | rC+ rCorr}
 63387 | Shoals:4 | Paralysed by an air elemental for 1 turns
 64118 | Shoals:4 | Reached skill level 15 in Shapeshifting
 64514 | Shoals:4 | Paralysed by an air elemental for 1 turns
 65489 | Shoals:4 | Got a barnacled rune of Zot
 65864 | Elf:1    | Entered Level 1 of the Elven Halls
 66860 | Elf:1    | Got the Enchiridion on Amalgamated Impulse
 67186 | Elf:1    | Reached skill level 16 in Shapeshifting
 67551 | Elf:2    | Found a huge runed translucent gate.
 67551 | Elf:2    | Found a huge runed translucent gate.
 67551 | Elf:2    | Found a huge runed translucent gate.
 67557 | Elf:2    | Found a huge runed translucent gate.
 67557 | Elf:2    | Found a huge runed translucent gate.
 67696 | Elf:2    | Found a glacial archway.
 67739 | Elf:2    | Paralysed by an air elemental for 1 turns
 67742 | Elf:2    | Paralysed by an air elemental for 1 turns
 68106 | Elf:3    | Entered Level 3 of the Elven Halls
 68124 | Elf:3    | Paralysed by an air elemental for 1 turns
 68690 | Elf:3    | Identified the +4 morningstar of Peace {heavy, Dex+3}
 68692 | Elf:3    | Noticed a Tzitzimitl
 68693 | Elf:3    | Noticed a Brimstone Fiend
 69419 | Elf:3    | Identified the +6 mace "Xuaxoes" {freeze, rElec Will+ Int-5
                  | Dex+5}
 69425 | Elf:3    | Reached XP level 19. HP: 93/93 MP: 14/31
 69425 | Elf:3    | Gained a life (2 lives remaining)
 69429 | Elf:3    | Identified the ring of Suspicion {^Drain rF+ Int+6 Dex-3}
 69430 | Elf:3    | Identified the +1 arbalest of Ascent {freeze, MP+9 Str+3
                  | Int-3 SInv}
 69430 | Elf:3    | Identified the +7 shortbow of Understanding {flame, rF+
                  | Dex+2}
 70201 | Elf:3    | Reached skill level 17 in Shapeshifting
 72114 | Elf:3    | Got the Grimoire of Helpful Enchantment
 72126 | Elf:3    | Got the Book of the Boreal Bonfire
 72205 | Elf:3    | Acquired the amulet "Liviuh" {RegenMP *Corrode rElec rC-
                  | Regen+}
 72410 | Elf:2    | Learned a level 4 spell: Ignite Poison
 72413 | Elf:2    | Learned a level 2 spell: Ensorcelled Hibernation
 72417 | Elf:2    | Learned a level 3 spell: Teleport Other
 72424 | Elf:2    | Learned a level 6 spell: Sculpt Simulacrum
 72818 | Elf:3    | Got the Omnibus of Ozone and Heat
 73041 | Elf:3    | Found a gateway to a bazaar.
 73090 | Bazaar   | Entered a bazaar
 73094 | Bazaar   | Found Omyblid's General Store.
 73102 | Bazaar   | Found Cetaz's Distillery.
 73113 | Bazaar   | Found Sagameruus's Jewellery Boutique.
 73124 | Bazaar   | Found Jysaph's Antique Armour Emporium.
 73132 | Bazaar   | Found Sasoot's Antique Weapon Emporium.
 73163 | Bazaar   | Bought a potion of magic for 104 gold pieces
 73163 | Bazaar   | Bought a potion of mutation for 104 gold pieces
 73163 | Bazaar   | Bought a potion of invisibility for 104 gold pieces
 73163 | Bazaar   | Bought a potion of haste for 130 gold pieces
 73163 | Bazaar   | Bought a potion of magic for 104 gold pieces
 73163 | Bazaar   | Bought a potion of curing for 39 gold pieces
 73182 | Bazaar   | Bought an amulet of regeneration for 360 gold pieces
 73202 | Bazaar   | Bought a potion of degeneration for 13 gold pieces
 73576 | Depths:1 | Entered Level 1 of the Depths
 73682 | Depths:1 | Found a one-way gate leading to the halls of Pandemonium.
 74348 | Depths:1 | Found a one-way gateway to a ziggurat.
 74407 | Depths:1 | Reached skill level 18 in Shapeshifting
 74616 | Depths:1 | Found a corrupted altar of Lugonu.
 74616 | Depths:1 | Found a one-way gate to the infinite horrors of the Abyss.
 74915 | Depths:1 | Noticed a golden dragon
 74951 | Depths:1 | Killed a golden dragon
 75705 | Depths:1 | Found a gateway to Hell.
 75713 | Depths:1 | Identified the +0 plate armour "Erchopheu" {+Inv rF+ rC+
                  | rCorr}
 75716 | Depths:1 | Identified the +2 orcbow of the Pure Friars {heavy, Int+4
                  | Dex+2}
 76748 | Depths:2 | Reached skill level 19 in Shapeshifting
 76813 | Depths:3 | Noticed a caustic shrike
 76821 | Depths:3 | Killed a caustic shrike
 76822 | Depths:3 | Reached XP level 20. HP: 96/98 MP: 2/32
 76887 | Depths:3 | Noticed a juggernaut
 76908 | Depths:3 | Killed a juggernaut
 77766 | Depths:3 | Found Mudosoej's Assorted Antiques.
 77770 | Depths:3 | Bought a wand of quicksilver (3) for 365 gold pieces
 77770 | Depths:3 | Bought a potion of cancellation for 232 gold pieces
 77770 | Depths:3 | Bought a potion of enlightenment for 145 gold pieces
 78470 | Depths:4 | Entered Level 4 of the Depths
 78731 | Depths:4 | Reached skill level 20 in Shapeshifting
 79649 | Depths:4 | Noticed a golden dragon
 79652 | Depths:4 | Noticed a bone dragon
 80031 | Depths:4 | Found a runed translucent door.
 80034 | Depths:4 | Found a radiant altar of Vehumet.
 80034 | Depths:4 | Noticed an ancient lich
 80217 | Depths:4 | Killed a golden dragon
 80425 | Depths:4 | Killed a bone dragon
 80839 | Depths:4 | Found a gate to the Realm of Zot.
 81440 | Slime:1  | Entered Level 1 of the Pits of Slime
 81441 | Slime:1  | Gained mutation: You are vulnerable to heat. (rF-) [a
                  | shining eye]
 81955 | Slime:3  | Gained mutation: You are dopey. (Int -2) [a shining eye]
 82207 | Slime:3  | Gained mutation: Your magical capacity is low. (-10% MP) [a
                  | shining eye]
 82208 | Slime:3  | Gained mutation: Your magical capacity is very low. (-20%
                  | MP) [a shining eye]
 82208 | Slime:3  | Gained mutation: You sometimes lose your temper in combat.
                  | [a shining eye]
 82307 | Slime:4  | Killed themself with a badly aimed iceblast
 82307 | Slime:4  | Lost a life (1 life remaining)
 82410 | Slime:5  | Entered Level 5 of the Pits of Slime
 83449 | Slime:5  | Noticed the Royal Jelly
 83453 | Slime:5  | Killed the Royal Jelly
 83454 | Slime:5  | Reached skill level 21 in Shapeshifting
 83703 | Slime:5  | Gained mutation: You have an uncontrollable temper. [a
                  | shining eye]
 83884 | Slime:5  | Reached XP level 21. HP: 102/102 MP: 9/27
 83884 | Slime:5  | Gained a life (2 lives remaining)
 84077 | Slime:5  | Gained mutation: Your spells are a little easier to cast,
                  | but a little less powerful. [a shining eye]
 85147 | Slime:5  | Gained mutation: You frequently scream uncontrollably at
                  | your foes. [a shining eye]
 85150 | Slime:5  | Gained mutation: You do not regenerate when monsters are
                  | visible. [a shining eye]
 85174 | Slime:5  | Got a slimy rune of Zot
 85246 | Slime:5  | Identified the +2 chain mail of Pasoaw {Str+3 Int+2 Dex+5}
 85263 | Slime:5  | Found the +9 sword of Zonguldrok {reap}
 85344 | Slime:5  | Identified the +5 orcbow of the Delicate God {freeze, rN++
                  | Will- rCorr Str+2}
 85909 | Depths:4 | Lost mutation: Your spells are a little easier to cast, but
                  | a little less powerful. [potion of mutation]
 85909 | Depths:4 | Lost mutation: You have an uncontrollable temper. [potion
                  | of mutation]
 85909 | Depths:4 | Lost mutation: You are dopey. (Int -2) [potion of mutation]
 85909 | Depths:4 | Gained mutation: You are very vulnerable to heat. (rF--)
                  | [potion of mutation]
 85910 | Depths:4 | Lost mutation: Your magical capacity is very low. (-20% MP)
                  | [potion of mutation]
 85910 | Depths:4 | Lost mutation: You sometimes lose your temper in combat.
                  | [potion of mutation]
 85910 | Depths:4 | Lost mutation: You do not regenerate when monsters are
                  | visible. [potion of mutation]
 85910 | Depths:4 | Gained mutation: You have a pair of small antennae on your
                  | head. [potion of mutation]
 85910 | Depths:4 | Gained mutation: You possess an exceptional clarity of
                  | mind. [potion of mutation]
 85911 | Depths:4 | Lost mutation: Your magical capacity is low. (-10% MP)
                  | [potion of mutation]
 85911 | Depths:4 | Lost mutation: You have a pair of small antennae on your
                  | head. [potion of mutation]
 85911 | Depths:4 | Lost mutation: You are very vulnerable to heat. (rF--)
                  | [potion of mutation]
 85911 | Depths:4 | Gained mutation: Your muscles are strong. (Str +4, Int/Dex
                  | -1) [potion of mutation]
 85911 | Depths:4 | Gained mutation: You are partially covered in iridescent
                  | scales. (AC +2) [potion of mutation]
 85912 | Depths:4 | Lost mutation: You are vulnerable to heat. (rF-) [potion of
                  | mutation]
 85912 | Depths:4 | Lost mutation: You frequently scream uncontrollably at your
                  | foes. [potion of mutation]
 85912 | Depths:4 | Lost mutation: Your muscles are strong. (Str +4, Int/Dex
                  | -1) [potion of mutation]
 85912 | Depths:4 | Gained mutation: Your muscles are strong. (Str +4, Int/Dex
                  | -1) [potion of mutation]
 85912 | Depths:4 | Gained mutation: Your mind is acute. (Int +4, Str/Dex -1)
                  | [potion of mutation]
 85930 | Zot:1    | Entered Level 1 of the Realm of Zot
 87267 | Zot:3    | Noticed a Killer Klown
 87388 | Zot:3    | Killed a Killer Klown
 88014 | Zot:3    | Reached skill level 22 in Shapeshifting
 88325 | Zot:5    | Entered Level 5 of the Realm of Zot
 89531 | Zot:5    | Noticed a dread lich
 89545 | Zot:5    | Killed a dread lich
 90139 | Zot:5    | Noticed an ancient lich
 90170 | Zot:5    | Killed an ancient lich
 90358 | Zot:5    | Noticed a dread lich
 90375 | Zot:5    | Paralysed by a dread lich for 2 turns
 90384 | Zot:5    | Killed a dread lich
 90545 | Zot:5    | Noticed a curse toe
 90598 | Zot:5    | Killed a curse toe
 92012 | Zot:5    | Noticed an orb of fire
 92023 | Zot:5    | Lost mutation: Your mind is acute. (Int +4, Str/Dex -1) [an
                  | orb of fire]
 92032 | Zot:5    | Killed an orb of fire
 92033 | Zot:5    | Reached skill level 23 in Shapeshifting
 92033 | Zot:5    | Reached XP level 22. HP: 81/107 MP: 20/34
 92059 | Zot:5    | Noticed a curse toe
 92084 | Zot:5    | Killed a curse toe
 92355 | Zot:5    | Noticed a Killer Klown
 92374 | Zot:5    | Killed a Killer Klown
 92618 | Zot:5    | Noticed a Killer Klown
 92632 | Zot:5    | Killed a Killer Klown
 93311 | Zot:5    | Noticed a curse toe
 93340 | Zot:5    | Killed a curse toe
 93812 | Zot:5    | Noticed an orb of fire
 93818 | Zot:5    | Gained mutation: You are frail. (-10% HP) [an orb of fire]
 93821 | Zot:5    | Gained mutation: You are agile. (Dex +4, Str/Int -1) [an
                  | orb of fire]
 93825 | Zot:5    | Gained mutation: Your body sometimes deteriorates upon
                  | taking damage. [an orb of fire]
 93827 | Zot:5    | Killed an orb of fire
 93828 | Zot:5    | Lost mutation: Your muscles are strong. (Str +4, Int/Dex
                  | -1) [mutagenic glow]
 94098 | Zot:5    | Noticed an orb of fire
 94098 | Zot:5    | Noticed an orb of fire
 94098 | Zot:5    | Noticed a dread lich
 94098 | Zot:5    | Noticed an ancient lich
 94101 | Zot:5    | Got the Orb of Zot
 94103 | Zot:5    | Slain by an Orb Guardian
 94103 | Zot:5    | Lost a life (1 life remaining)
 94211 | Zot:3    | Noticed Okkal the pandemonium lord
 94490 | D:13     | Gained mutation: You cannot voluntarily change form. [Ru
                  | sacrifice]
 94490 | D:13     | Reduced skill Shapeshifting to level 0
 94490 | D:13     | Reached ****** piety under Ru
 94614 | D:8      | Reached skill level 2 in Air Magic
 94654 | D:8      | Noticed Qocy the pandemonium lord
 94663 | D:7      | HP: 3/85 [Qocy the pandemonium lord (27)]
 94664 | D:7      | Succumbed to Qocy's poison
 94664 | D:7      | Lost a life (0 lives remaining)
 94777 | D:2      | Noticed a seraph
 94805 | D:$      | Escaped with the Orb!

Illustrated notes

Levels and vault maps discovered:
D:1:      dpeg_arrival_simpleton_a, layout_basic
D:2:      layout_loops_ring, nicolae_ecumenical_oubliette, basic_altar,
          serial_shops, shop, nicolae_shop_hallway_plus, shop, grunt_decor_cap,
          grunt_decor_fettered
D:3:      layout_loops_ring, mainiacjoe_overflow_tiny_flanked,
          kennysheep_generic_room_12, uniq_robin
D:4:      layout_basic, serial_corexii_hall, corexii_hall_statues_i,
          chequers_hall_statues_corner_a, nicolae_letterblocks
          [nicolae_letter_subblock, nicolae_letter_subblock,
          nicolae_letter_subblock, nicolae_letter_subblock,
          nicolae_letter_subblock, nicolae_letter_subblock,
          nicolae_letter_subblock, nicolae_letter_subblock,
          nicolae_letter_subblock, nicolae_letter_subblock,
          nicolae_letter_subblock, nicolae_letter_subblock,
          nicolae_letter_subblock, nicolae_letter_subblock,
          nicolae_letter_subblock, nicolae_letter_subblock,
          nicolae_letter_subblock, nicolae_letter_subblock,
          nicolae_letter_subblock, nicolae_letter_subblock,
          nicolae_letter_subblock, nicolae_letter_subblock,
          nicolae_letter_subblock, nicolae_letter_subblock,
          nicolae_letter_subblock]
D:5:      minmay_razor_zed, layout_basic, minmay_temple_entry_grid, uniq_duvessa
D:6:      layout_cave_pools, nicolae_ru_awakened_eye, nicolae_shop_clearance
D:7:      layout_loops_ring, mainiacjoe_overflow_alcove_4,
          amcnicky_mini_corridor_feature
D:8:      layout_layer_cave, nicolae_uskayaw_en_pointe,
          gammafunk_temple_overflow_elements, st_stairs_10
D:9:      layout_basic, orc_david_3, serial_corexii_hall,
          chequers_hall_statues_corner_a, chequers_hall_statues_y,
          chequers_hall_statues_wall_a, chequers_hall_statues_y,
          corexii_checkpoint, uniq_psyche, uniq_jeremiah
D:10:     layout_loops_corners, minmay_fractal_squares_diagonal_5
D:11:     layout_loops_ring, lair_entry_dummy, minmay_orc_keep
D:12:     layout_cave_pools, nrook_mini_vaults, minmay_stone_trees_small,
          uniq_snorg
D:13:     minmay_the_grid_3x2 [minmay_the_grid_pillar_ring,
          minmay_the_grid_all_tris, minmay_the_grid_aliased_spiral,
          minmay_the_grid_dragon_b, minmay_the_grid_box_x,
          minmay_the_grid_prize_four_corners], layout_gridville,
          ximxim_vaults_locker_room, nicolae_trove_entry_free_sample,
          cheibrodos_ashenzari_chains
D:14:     layout_roguey, chequers_hall_statues_y, serial_aquarium,
          aquarium_bridge_long_separate [aquarium_subvault_window,
          aquarium_subvault_wall, aquarium_subvault_bridge,
          aquarium_subvault_balcony, aquarium_subvault_bridge,
          aquarium_subvault_wall], aquarium_bridge_square
          [aquarium_subvault_wall, aquarium_subvault_wall,
          aquarium_subvault_bridge, aquarium_subvault_bridge],
          aquarium_window_fake, aquarium_window_fake, aquarium_view_2b,
          aquarium_view_2c, minmay_splitting_lines
D:15:     grunt_enter_depths_magical_seal, layout_basic, grunt_ministairs_9,
          elyvilon_altar_5
Temple:   compressed_dpeg_triangle_lava_temple
Lair:1:   layout_loops_ring, dpeg_stationary_puzzle, uniq_erica, uniq_harold,
          uniq_amaemon
Lair:2:   layout_long_grid, uniq_prince_ribbit2
Lair:3:   layout_chaotic_city, elwin_shoals_entry_rooms, spider_nest_entry_webs,
          infiniplex_staircase_pool, lemuel_fruit_fields, uniq_sonja
Lair:4:   layout_big_grid, dpeg_slime_entry_corner
Lair:5:   hangedman_lair_in_review, layout_long_grid,
          infiniplex_staircase_pool_2
Shoals:1: layout_shoals, nicolae_shoals_sun_and_surf
Shoals:2: layout_shoals, serial_shops, shop_fountains
Shoals:3: layout_shoals, ebering_ghost_xom, nicolae_shoals_arrival_archipelago,
          uniq_ilsuiw
Shoals:4: shoals_end_hellmonk_storm_palace [storm_palace_center_circular,
          storm_palace_corner_narrow, storm_palace_corner_grid,
          storm_palace_corner_blocked, storm_palace_corner_narrow], uniq_nikola,
          uniq_bai_suzhen
Spider:1: layout_chambers, hangedman_spider_tarantella_strand, uniq_rupert
Spider:2: layout_spider_delve
Spider:3: layout_cave_pods
Spider:4: hellmonk_spider_rune_endless_swarm, nicolae_spider_paper_wasps
Slime:1:  nicolae_slime_pool, layout_caves
Slime:2:  layout_caves
Slime:3:  layout_caves
Slime:4:  layout_caves, cheibrodos_slime_lost_civilization_4
Slime:5:  slime_pit_nicolae_trefoil
Orc:1:    layout_caves
Orc:2:    grunt_orc_cross, layout_diamond_mine, maelrawn_ghost_gauntlet_escape
Elf:1:    nicolae_elf_arrival_no_cutting_in_line, layout_geoelf_grid,
          minmay_elf_sorcery
Elf:2:    elven_hall_of_blades_hangedman_alternative [mumra_blade_entry_dagger],
          layout_geoelf_diagonals, portal_ice_cave_entry_pillars_four,
          uniq_azrael
Elf:3:    grunt_elf_hall_spiral, layout_gridlike, serial_shops, statue_bzr,
          nicolae_elf_shapeshifter_party
Depths:1: layout_roguey, enter_ziggurat_f, abyss_entry_flame_altar, pan_entry,
          lightli_too_deep, grunt_potential
Depths:2: grunt_runaround [grunt_runaround_loot, grunt_runaround_doors_1,
          grunt_runaround_doors_2, grunt_runaround_doors_3,
          grunt_runaround_doors_4], pan_entry, hell_entry
Depths:3: minmay_fractal_lines_corner, layout_cave_pools,
          hangedman_decor_clover_reticule, hell_entry, abyss_entry,
          minmay_shop_star
Depths:4: grunt_twist_and_shout, layout_long_grid,
          amcnicky_mini_rare_corridor_liquid, grunt_hell_entry_dis_mu,
          grunt_absolute_annihilation
Zot:1:    layout_misc_corridors, hangedman_swamp_dais, grunt_megastairs_1,
          uniq_grunn, uniq_josephina
Zot:2:    layout_gridlike, gammafunk_ghost_ooze, regret_index_zotdec_tunneler,
          grunt_megastairs_4
Zot:3:    hangedman_snap_crack_crunch, layout_onion,
          hangedman_zot_decor_scrapings
Zot:4:    layout_cathedral_of_symmetry, gammafunk_ghost_grave, uniq_tiamat
Zot:5:    layout_concentric_octagons

Skill      XL: |  1  2  3  4  5  6  7  8  9 10 11 12 13 14 15 16 17 18 19 20 21 22 |
---------------+-------------------------------------------------------------------+-----
Stealth        | 3 4 5 7 0 |  0.0
Conjurations   | 4 5 6 7 |  7.8
Dodging        | 3 4 6 7 |  7.8
Fighting       | 1 2 4 6 7 |  7.8
Alchemy        | 1 2 3 5 7 |  7.8
Spellcasting   | 3 4 5 7 |  7.8
Evocations     | 7 |  7.8
Unarmed Combat | 4 7 |  7.9
Shapeshifting  | 7 10 14 16 19 21 23 0 |  0.0
Summonings     | 7 |  7.8
Fire Magic     | 4 7 |  7.4
Earth Magic    | 4 7 |  7.4
Ice Magic      | 7 |  7.8
Translocations | 5 7 |  7.8
Necromancy     | 2 3 |  3.2
Air Magic      | 1 2 |  2.1
Hexes          | 3 |  3.3

Action                     |  1- 3 |  4- 6 |  7- 9 | 10-12 | 13-15 | 16-18 | 19-21 | 22-24 || total
---------------------------+-------+-------+-------+-------+-------+-------+-------+-------++-------
  Melee: Unarmed           |     5 |    24 |    61 |    81 |   201 |   408 |   680 |    75 ||  1535
         Bite              |     1 |     3 |     4 |     9 |    35 |    69 |   116 |    19 ||   256
         Punch             |       |       |     2 |     5 |    19 |    26 |    67 |    11 ||   130
   Cast: Magic Dart        |    89 |    73 |    19 |     8 |     8 |     1 |       |       ||   198
         Searing Ray       |     1 |    23 |    41 |    14 |     8 |     3 |       |       ||    90
         Olgreb's Toxic Ra |       |       |    29 |   142 |   341 |   428 |   213 |    14 ||  1167
         Irradiate         |       |       |     5 |    38 |   165 |   195 |   176 |    26 ||   605
         Petrify           |       |       |       |       |       |    14 |     3 |       ||    17
         Summon Lightning  |       |       |       |       |       |    17 |    14 |       ||    31
         Sculpt Simulacrum |       |       |       |       |       |     3 |    15 |     2 ||    20
         Ignite Poison     |       |       |       |       |       |       |   104 |     6 ||   110
         Ensorcelled Hiber |       |       |       |       |       |       |     2 |       ||     2
 Invoke: Sacrifice Words   |       |       |     1 |       |       |       |       |       ||     1
         Sacrifice Purity  |       |       |       |     1 |       |       |       |       ||     1
         Sacrifice Courage |       |       |       |     1 |       |       |       |       ||     1
         Sacrifice Drink   |       |       |       |       |     1 |       |       |       ||     1
         Power Leap        |       |       |       |       |    43 |    54 |    22 |     5 ||   124
         Draw Out Power    |       |       |       |       |     1 |     1 |     9 |       ||    11
         Sacrifice Stealth |       |       |       |       |     1 |       |       |       ||     1
         Sacrifice Skill   |       |       |       |       |     1 |       |       |       ||     1
         Apocalypse        |       |       |       |       |       |     2 |     1 |     1 ||     4
         Sacrifice Forms   |       |       |       |       |       |       |       |     1 ||     1
  Evoke: Wand              |       |       |       |     7 |    10 |    10 |    86 |    21 ||   134
         Lightning rod     |       |       |       |       |     7 |     7 |     4 |       ||    18
         Sack of spiders   |       |       |       |       |       |     1 |     3 |     1 ||     5
         Phantom mirror    |       |       |       |       |       |     1 |     1 |     1 ||     3
         Condenser vane    |       |       |       |       |       |     1 |     1 |       ||     2
         Phial of floods   |       |       |       |       |       |     2 |     2 |       ||     4
    Use: Scroll            |     4 |     3 |     2 |     8 |     7 |    11 |    15 |    10 ||    60
         Potion            |       |       |       |       |     2 |     2 |    14 |    18 ||    36
   Stab: Sleeping          |       |       |     1 |     1 |     4 |       |     2 |       ||     8
         Distracted        |       |       |       |     1 |     1 |     1 |    14 |       ||    17
         Paralysed         |       |       |       |     2 |       |    13 |    42 |       ||    57
         Petrified         |       |       |       |       |     1 |    19 |     6 |       ||    26
         Invisible         |       |       |       |       |     1 |     5 |    10 |       ||    16
         Petrifying        |       |       |       |       |       |     3 |       |       ||     3
 Armour: Skin              |     3 |     9 |    28 |    56 |   247 |   556 |  1180 |   113 ||  2192
  Dodge: Dodged            |    12 |    45 |   102 |   175 |   369 |   772 |  1161 |   117 ||  2753
  Block: Other             |       |       |    24 |    34 |    79 |   163 |    10 |       ||   310
         Reflection        |       |       |       |     2 |    11 |    17 |     2 |       ||    32
   Form: Statue            |       |       |       |       |       |     1 |       |       ||     1
                           |       |       |       |       |       |       |       |     2 ||     2
         Death             |       |       |       |       |       |       |       |     2 ||     2

Table legend:
 A = Kills in this place as a percentage of kills in the entire game.
 B = Kills by you in this place as a percentage of kills by you in the entire game.
 C = Kills by friends in this place as a percentage of kills by friends in the entire game.
 D = Other kills in this place as a percentage of other kills in the entire game.
 E = Experience gained in this place as a percentage of experience gained in the entire game.
 F = Experience gained in this place divided by the number of levels of this place that you have seen.
                   A       B       C       D       E      F
               +-------+-------+-------+-------+-------+----------------------
         Total | 100.0 | 100.0 | 100.0 | 100.0 | 100.0 | 14834.4
       Dungeon |  28.5 |  29.6 |   0.0 |  12.2 |  10.4 | 5160.2
          Lair |   9.4 |   9.8 |   0.0 |   2.4 |   6.4 | 9465.0
        Shoals |  14.1 |  14.3 |   0.0 |  17.1 |  14.5 | 26891.8
   Spider Nest |  12.1 |  12.1 |  15.6 |   9.8 |  10.4 | 19356.5
    Slime Pits |   3.9 |   3.5 |  15.6 |   7.3 |   6.7 | 9877.4
  Orcish Mines |   6.1 |   6.3 |   0.0 |   2.4 |   2.2 | 8194.5
   Elven Halls |   7.8 |   7.2 |  18.8 |  19.5 |  10.4 | 25754.0
        Depths |  11.7 |  11.6 |   9.4 |  17.1 |  20.7 | 38459.0
           Zot |   6.5 |   5.6 |  40.6 |  12.2 |  18.2 | 27025.0
               +-------+-------+-------+-------+-------+----------------------

Table legend: (Time is in decaauts)
 A = Elapsed time spent in this place.
 B = Non-inter-level travel time spent in this place.
 C = Inter-level travel time spent in this place.
 D = Time resting spent in this place.
 E = Time spent auto-exploring this place.
 F = Levels seen in this place.
 G = Mean time per level.
                   A        B        C        D        E       F      G
               +--------+--------+--------+--------+--------+-----+--------+
         Total | 112334 | 106186 |   6148 |  40229 |  49996 |  50 | 2246.7 |
       Dungeon |  28780 |  25912 |   2868 |   1948 |  20733 |  15 | 1918.7 |
        Temple |      1 |      1 |      0 |      0 |      0 |   1 |    1.0 |
          Lair |  10734 |   9671 |   1063 |   1888 |   6682 |   5 | 2146.8 |
        Shoals |  16019 |  15338 |    681 |   8018 |   5175 |   4 | 4004.8 |
   Spider Nest |  11957 |  11684 |    273 |   3607 |   6559 |   4 | 2989.2 |
    Slime Pits |   6045 |   5920 |    125 |   4965 |      0 |   5 | 1209.0 |
  Orcish Mines |   3576 |   3383 |    193 |    967 |   1916 |   2 | 1788.0 |
   Elven Halls |  10911 |  10546 |    365 |   5009 |   3808 |   3 | 3637.0 |
        Depths |  11953 |  11411 |    542 |   5014 |   4125 |   4 | 2988.2 |
           Zot |  12032 |  11999 |     33 |   8739 |    928 |   5 | 2406.4 |
        Bazaar |    190 |    190 |      0 |      0 |     67 |   1 |  190.0 |
         Trove |    130 |    130 |      0 |     71 |      0 |   1 |  130.0 |
               +--------+--------+--------+--------+--------+-----+--------+

Top non-repeatable levels by time:
   Zot:5: 8642 daAuts
Shoals:4: 6821 daAuts
   Elf:3: 5496 daAuts
Shoals:1: 4885 daAuts
Spider:4: 4882 daAuts
 Slime:5: 3719 daAuts
     D:5: 3677 daAuts
Depths:1: 3616 daAuts
  Lair:5: 3605 daAuts
    D:13: 3586 daAuts
Depths:4: 3500 daAuts
Depths:3: 3349 daAuts
   Elf:2: 3265 daAuts
Spider:3: 3074 daAuts
    D:15: 3038 daAuts
